AoeStats
← Santi/ARG/

Nomad

510122252Analyzed
2v2 RM · 3d ago on Sep 29, 2026· 44m 1s· 4 players
Game mode
Random Map
Map size
176×176
Population
200
Speed
Normal
Resources
Standard
Victory
Conquest
Starting age
Dark Age
Ending age
Imperial Age
RankedLock teamsTeams togetherTeam positionsShared explorationLock speedFull tech treeHidden civsTurbo modeCheats
Victory
Defeat
🇨🇳 Vietnamese · China
1151
+13
🇨🇳 Mongols · China
1053
+17
🇰🇿 Shu · Kazakhstan
1104
-16
🇦🇷 Spanish · Argentina
1058
-14
Santi/ARG/
14:50 Feudal Age
13:32 Loom
15:17 Double-Bit Axe
15:16 Fishing Lines
15:20 Horse Collar
19:47 Castle Age
18:44 Forging
19:19 Scale Barding Armor
20:23 Bloodlines
25:39 Husbandry
27:49 Chain Barding Armor
29:38 Fletching
34:32 Imperial Age
32:55 Bodkin Arrow
33:28 Ballistics
34:48 Iron Casting
36:40 Plate Barding Armor
36:45 Bracer
37:01 Cavalier
41:16 Chemistry
40:19 Murder Holes
41:50 Conscription
41:55 Supremacy
nurlan-c
5:01 Loom
14:18 Feudal Age
15:39 Wheelbarrow
18:12 Castle Age
17:15 Double-Bit Axe
18:45 Town Watch
19:52 Bow Saw
21:49 Scale Barding Armor
22:52 Husbandry
22:49 Fishing Lines
24:13 Gillnets
26:33 Hand Cart
28:38 Horse Collar
32:44 Imperial Age
30:26 Heavy Plow
30:50 Fletching
31:01 Padded Archer Armor
32:19 Ballistics
31:57 Bodkin Arrow
31:37 Crossbowman
32:54 Thumb Ring
33:51 Conscription
33:48 Bolt Magazine
34:31 Forging
34:23 Gold Mining
35:35 Chain Barding Armor
35:17 Bracer
36:35 Hoardings
37:42 Siege Engineers
38:53 Murder Holes
41:10 Two-Man Saw
隐姓埋名
5:59 Loom
17:05 Feudal Age
18:42 Double-Bit Axe
22:49 Castle Age
21:36 Fishing Lines
23:58 Bow Saw
29:55 Imperial Age
28:09 Gillnets
29:26 Forging
31:09 Bloodlines
31:01 Husbandry
35:24 Paper Money
35:52 Chatras
36:47 Ballistics
37:28 Chemistry
37:48 Two-Man Saw
37:05 Scale Barding Armor
37:35 Iron Casting
37:56 Padded Archer Armor
38:17 Chain Barding Armor
38:11 Elite Battle Elephant
39:11 Fletching
40:40 Leather Archer Armor
43:59 Ring Archer Armor
44:04 Plate Barding Armor
火枪
3:25 Loom
15:32 Feudal Age
16:22 Town Watch
19:24 Castle Age
17:40 Double-Bit Axe
17:36 Horse Collar
17:49 Stone Mining
17:50 Gold Mining
18:30 Fletching
20:48 Bow Saw
20:53 Bodkin Arrow
29:49 Heavy Plow
34:34 Imperial Age
32:42 Gold Shaft Mining
32:43 Stone Shaft Mining
32:10 Padded Archer Armor
32:34 Bloodlines
33:37 Wheelbarrow
33:41 Stone Shaft Mining
33:41 Leather Archer Armor
34:24 Husbandry
36:02 Bracer
38:36 Ballistics
39:16 Chemistry
38:56 Hand Cart
39:18 Conscription
39:30 Elite Mangudai
40:21 Town Patrol
40:37 Fortified Wall
40:22 Murder Holes
Connection lost

Rejoining the realm…

Still unreachable

The connection could not be restored.

Session expired

The server has moved on; the page needs a fresh start.